 Dungeon Crawl Stone Soup version 0.27.1-3-gb3d3a73c9e (webtiles) character file.

Game seed: 248154033106656278

98 Araneus the Poker (level 4, -7/35 HPs)
             Began as a Demonspawn Fighter on Oct 8, 2021.
             Succumbed to a water moccasin's poison
             ... on level 4 of the Dungeon.
             The game lasted 00:04:42 (2698 turns).

Araneus the Poker (Demonspawn Fighter)              Turns: 2698, Time: 00:04:42

Health: -7/35      AC:  9    Str: 18    XL:     4   Next: 43%
Magic:  4/4        EV:  7    Int:  9    God:
Gold:   102        SH:  9    Dex: 18    Spells: 3/3 levels left

rFire    . . .     SeeInvis .   a - +0 trident
rCold    . . .     Faith    .   c - +0 kite shield
rNeg     . . .     Spirit   .   k - +2 scale mail {Will+}
rPois    .         Reflect  .   h - +0 helmet
rElec    .         Harm     .   (no cloak)
rCorr    .         Rampage  .   (no gloves)
Will     +....                  (no boots)
Stlth    ..........             (no amulet)
HPRegen  0.11/turn              q - +6 ring of dexterity
MPRegen  0.09/turn              (no ring)

@: mighty, lethally poisoned (-7 -> -48)
A: demonic magic 1
a: no special abilities


You were on level 4 of the Dungeon.
You visited 1 branch of the dungeon, and saw 4 of its levels.

You collected 102 gold pieces.

Inventory:

Hand Weapons
 a - a +0 trident (weapon)
Armour
 c - a +0 kite shield (worn)
 h - a +0 helmet (worn)
 k - a +2 scale mail of willpower (worn)
Jewellery
 q - a +6 ring of dexterity (left hand)
Scrolls
 e - a scroll of brand weapon {unknown}
 f - a scroll of immolation {unknown}
 g - a scroll of fog {unknown}
 i - 3 scrolls of identify {unknown}
 l - a scroll of magic mapping {unknown}
 n - a scroll of amnesia {unknown}
Potions
 b - a potion of brilliance {unknown}
 j - a potion of mutation {unknown}
 m - a potion of haste {unknown}
 o - 2 potions of degeneration {unknown}
 p - 2 potions of curing {unknown}


   Skills:
 - Level 3.0 Fighting
 + Level 4.3 Polearms
 - Level 2.6 Armour
 - Level 2.6 Shields


You had 3 spell levels left.
You didn't know any spells.
Your spell library contained the following spells:

 Spells                   Type           Power      Damage    Failure   Level
 Beastly Appendage        Tmut           0%         N/A       99%         1
 Wereblood                Tmut           0%         N/A       100%        2
 Spider Form              Tmut/Pois      0%         N/A       100%        3


Dungeon Overview and Level Annotations

Branches:
Dungeon (4/15)
 Temple: D:4-7

Altars:


Innate Abilities, Weirdness & Mutations

Spells you cast may paralyse adjacent enemies.


Message History

The adder bites you. The adder bites you but does no damage.
You hit the adder.
You kill the adder!
No target in view!
No target in view!
No target in view!
No target in view!
No target in view!
Done exploring.
There is a stone staircase leading down here.
You climb downwards.
There is a stone staircase leading up here.
A water moccasin comes into view.
The water moccasin hisses angrily.
Found a stone staircase leading up.
You feel very mighty all of a sudden. The water moccasin bites you. x2
You puncture the water moccasin!
The water moccasin is moderately wounded.
The water moccasin bites you.
You are poisoned.
The water moccasin poisons you!
You puncture the water moccasin!
The water moccasin is almost dead.
You feel very sick.
The water moccasin bites you but does no damage.
You block the water moccasin's attack.
You barely miss the water moccasin.
The water moccasin is almost dead.
You feel very sick. The water moccasin bites you!
* * * LOW HITPOINT WARNING * * *
You are more poisoned.
The water moccasin poisons you! The water moccasin bites you.
* * * LOW HITPOINT WARNING * * *
You are more poisoned.
The water moccasin poisons you!
You closely miss the water moccasin.
The water moccasin is almost dead.
You die...

.. #.. #####.
.. ..#.. ..
.... . ..#
.## #.##..#
#.....####
#<.......#
#@#..###.#
#..S....#
#........#
#......#...#
........#....
..........
####
#####.......
#....<...


You could see a water moccasin.

Vanquished Creatures
  4 adders (D:3)
  A dart slug (D:3)
  5 ball pythons
  4 bats
  7 endoplasms
  2 giant cockroaches (D:2)
  8 hobgoblins
  3 jackals (D:3)
  3 quokkas
  6 frilled lizards
  3 goblins
  4 kobolds
  6 rats
56 creatures vanquished.

Notes
Turn   | Place    | Note
-------+----------+-------------------------------------------
     0 | D:1      | Araneus the Demonspawn Fighter began the quest for the Orb.
     0 | D:1      | Reached XP level 1. HP: 18/18 MP: 1/1
    94 | D:1      | Reached skill level 2 in Polearms
   237 | D:1      | Gained mutation: Spells you cast may paralyse adjacent
                  | enemies. [demonic ancestry]
   237 | D:1      | Reached XP level 2. HP: 24/24 MP: 2/2
   575 | D:1      | Reached skill level 3 in Polearms
   580 | D:1      | Found a faded altar of an unknown god.
  1114 | D:2      | Reached XP level 3. HP: 29/29 MP: 3/3
  1943 | D:3      | Reached XP level 4. HP: 10/35 MP: 4/4
  1944 | D:3      | Reached skill level 4 in Polearms
  2692 | D:4      | Noticed a water moccasin
  2698 | D:4      | Succumbed to a water moccasin's poison

Illustrated notes

Levels and vault maps discovered:
D:1:      tarquinn_simple_flora_water_a, layout_loops_corners,
          shapermc_ecumenical_altar_acropolis
D:2:      layout_basic, minmay_box_of_dots
D:3:      layout_rooms
D:4:      layout_rooms

Skill      XL: |  1  2  3  4 |
---------------+-------------+-----
Polearms       | 2 3 4 |  4.3
Fighting       | |  3.0
Armour         | |  2.6
Shields        | |  2.6

Action                   |  1- 3 |  4- 6 || total
-------------------------+-------+-------++-------
Melee: Trident           |   151 |    37 ||   188
  Use: Potion            |       |     1 ||     1
Armor: Scale mail        |    71 |    14 ||    85
Dodge: Dodged            |    28 |     6 ||    34
Block: Kite shield       |    71 |    12 ||    83
